 Dungeon Crawl Stone Soup version 0.30-a0-46-g5a63ccc183 (webtiles) character file.

Game seed: 7985103499633949849

7 IdlyInterested the Gusty (level 1, -1/15 HPs)
             Began as a Demonspawn Wanderer on Sept 1, 2022.
             Slain by a goblin
             ... wielding a +1 dagger of holy wrath
              (2 damage)
             ... on level 1 of the Dungeon.
             The game lasted 00:02:12 (346 turns).

IdlyInterested the Gusty (Demonspawn Wanderer)       Turns: 346, Time: 00:02:13

Health: -1/15      AC:  3    Str: 11    XL:     1   Next: 91%
Magic:  2/2        EV: 10    Int: 15    God:
Gold:   0          SH:  4    Dex: 11    Spells: 2/2 levels left

rFire   . . .      SeeInvis .    f - +0 dagger
rCold   . . .      Faith    .    d - +0 buckler
rNeg    . . .      Spirit   .    e - +0 leather armour
rPois   .          Reflect  .    (no helmet)
rElec   .          Harm     .    (no cloak)
rCorr   .          Rampage  .    (no gloves)
Will    .....                    (no boots)
Stlth   +.........               (no amulet)
HPRegen 0.05/turn                (no ring)
MPRegen 0.08/turn                (no ring)

@: no status effects
A: no striking features
a: no special abilities


You were on level 1 of the Dungeon.
You visited 1 branch of the dungeon, and saw 1 of its levels.

Inventory:

Hand Weapons
 f - a +0 dagger (weapon)
Armour
 c - a +0 robe
 d - a +0 buckler (worn)
 e - a +0 leather armour (worn)
Scrolls
 b - a scroll of silence


   Skills:
 * Level 1.0 Fighting
 * Level 0.1 Short Blades
 + Level 1.2 Stealth
 - Level 1.7 Shields
 - Level 1.0 Spellcasting
 - Level 3.6 Air Magic
 + Level 2.1 Poison Magic


You had 2 spell levels left.
You didn't know any spells.
Your spell library contained the following spells:

 Spells                   Type           Power      Damage    Failure   Level
 Poisonous Vapours        Pois/Air       18%        N/A       21%         2
 Shock                    Conj/Air       24%        1d4       22%         1
 Sting                    Tmut/Pois      12%        1d3       28%         1
 Static Discharge         Conj/Air       12%        3-4/arc   32%         2
 Slow                     Hex            0%         N/A       41%         1
 Ignite Poison            Fire/Tmut/Pois 2%         N/A       69%         3
 Confusing Touch          Hex            0%         N/A       78%         3
 Vampiric Draining        Necr           0%         2d6       78%         3


Dungeon Overview and Level Annotations

Branches:
Dungeon (1/15)

Altars:


Message History

You see here a +0 dagger.
A frilled lizard comes into view.
You closely miss the frilled lizard.
The frilled lizard hisses.
You block the frilled lizard's attack.
You barely miss the frilled lizard. You block the frilled lizard's attack.
You barely miss the frilled lizard. The frilled lizard bites you.
You barely miss the frilled lizard. The frilled lizard bites you.
You hit the frilled lizard.
You kill the frilled lizard!
Your Fighting skill increases to level 1!
You start resting.
HP restored.
A kobold comes into view. It is wielding a +0 club.
The kobold shouts!
The kobold misses you.
You barely miss the kobold. The kobold hits you with a +0 club.
You barely miss the kobold. The kobold hits you with a +0 club.
A goblin comes into view.
It is wielding a +1 dagger of holy wrath.
The goblin shouts!
You hit the kobold but do no damage. The kobold barely misses you.
You barely miss the kobold. The kobold barely misses you.
You hit the kobold but do no damage. The kobold hits you with a +0 club.
You closely miss the kobold. The kobold hits you with a +0 club.
You hit the kobold.
The kobold is severely wounded.
The kobold hits you with a +0 club.
The kobold throws a stone.
The stone hits you.
* * * LOW HITPOINT WARNING * * *
The kobold throws a stone.
The stone closely misses you.
You aren't carrying any potions.
You completely miss the goblin.
The goblin hits you with a +1 dagger of holy wrath.
* * * LOW HITPOINT WARNING * * *
You convulse.
* * * LOW HITPOINT WARNING * * *
You hit the goblin.
The goblin is heavily wounded.
The goblin hits you with a +1 dagger of holy wrath.
You die...

#...# #.#.+....+..# . #...#
#...+..<.'..# .# ....#
#...+....+..# ###.###
....#####.++++++#.# .......
....#.............# .......
....#.....######### .......
##.##.....# ###.......
##.##.....# ######..K.#
##.##.....# ##..@##.##.#.#
##........# #....gK.......#
#####....####....##.#.....#
.....#.....##.#####.#.....#
.....#.....##.# #.# ....#
..............# #.# #...#
...........#### ... ..##
....>......# ... ##
....)......# ..


You could see a goblin and a kobold.

Vanquished Creatures
  A bat (D:1)
  An endoplasm (D:1)
  2 giant cockroaches (D:1)
  A hobgoblin (D:1)
  A frilled lizard (D:1)
6 creatures vanquished.

Notes
Turn   | Place    | Note
-------+----------+-------------------------------------------
     0 | D:1      | IdlyInterested the Demonspawn Wanderer began the quest for
                  | the Orb.
     0 | D:1      | IdlyInterested set off with the following items: a +0 club,
                  | a scroll of silence, a +0 robe, a +0 buckler; and the
                  | following spells available to memorise: Shock, Poisonous
                  | Vapours, Sting, Static Discharge, Ignite Poison.
     0 | D:1      | Reached XP level 1. HP: 13/13 MP: 2/2
   199 | D:1      | Reached skill level 1 in Fighting
   346 | D:1      | Slain by a goblin

Illustrated notes

Levels and vault maps discovered:
D:1:      lightli_arrival_maybe_door_vault, layout_basic

Skill      XL: |  1 |
---------------+----+-----
Fighting       | 1 |  1.0
Short Blades   | |  0.1
Stealth        | |  1.2
Shields        | |  1.7
Spellcasting   | |  1.0
Air Magic      | |  3.6
Poison Magic   | |  2.1

Action                   || total
-------------------------++-------
Melee: Dagger            ||    19
       Club              ||    14
Armor: Leather armour    ||     7
Dodge: Dodged            ||    19
Block: Buckler           ||     5

Table legend: (Time is in decaauts)
 A = Elapsed time spent in this place.
 B = Non-inter-level travel time spent in this place.
 C = Inter-level travel time spent in this place.
 D = Time resting spent in this place.
 E = Time spent auto-exploring this place.
 F = Levels seen in this place.
 G = Mean time per level.
                   A        B        C        D        E       F      G
               +--------+--------+--------+--------+--------+-----+--------+
         Total |    351 |    351 |      0 |    142 |    117 |   1 |  351.0 |
       Dungeon |    351 |    351 |      0 |    142 |    117 |   1 |  351.0 |
               +--------+--------+--------+--------+--------+-----+--------+

Top non-repeatable levels by time:
     D:1: 351 daAuts
